AoeStats
← Luca

Lombardia

508487085Analyzed
4v4 RM · 11d ago on Sep 22, 2026· 54m 34s· 8 players
Game mode
Random Map
Map size
Large (8 player)
Population
200
Speed
Normal
Resources
Standard
Victory
Conquest
Starting age
Dark Age
Ending age
Imperial Age
RankedLock teamsTeams togetherTeam positionsShared explorationLock speedFull tech treeHidden civsTurbo modeCheats
Victory
Defeat
🇨🇳 Vietnamese · China
1546
+15
🇨🇳 Varangians · China
1485
+17
🇭🇰 Khmer · Hong Kong SAR China
1455
+18
🇭🇰 Saxons · Hong Kong SAR China
1217
+27
🇩🇪 Varangians · Germany
1585
-22
🇦🇷 Danes · Argentina
1538
-21
🇦🇷 Saxons · Argentina
1525
-20
🇦🇹 Varangians · Austria
1363
-14
Alex_M31
5:07 Loom
7:37 Feudal Age
9:52 Double-Bit Axe
10:49 Horse Collar
18:29 Castle Age
19:49 Bow Saw
19:41 Heavy Plow
20:37 Wheelbarrow
23:02 Gold Mining
24:36 Stone Mining
30:08 Imperial Age
28:18 Gold Shaft Mining
28:10 Husbandry
29:03 Scale Barding Armor
29:08 Forging
29:12 Bloodlines
30:15 Chain Barding Armor
31:20 Conscription
31:46 Plate Barding Armor
30:48 Light Cavalry
31:32 Double Crossbow
31:57 Town Watch
32:28 Hand Cart
33:20 Chemistry
33:28 Elite Ballista Elephant
35:51 Masonry
36:03 Ballistics
36:57 Fletching
39:56 Caravan
40:59 Hoardings
42:00 Hussar
43:42 Forging
50:54 Architecture
50:20 Murder Holes
51:52 Iron Casting
小鸡
6:14 Loom
8:57 Feudal Age
9:23 Double-Bit Axe
18:58 Wheelbarrow
22:12 Castle Age
20:20 Gold Mining
23:26 Fletching
23:36 Padded Archer Armor
23:57 Bloodlines
24:27 Bow Saw
25:17 Husbandry
25:22 Bodkin Arrow
27:20 Ballistics
29:14 Fortified Wall
29:56 Town Watch
31:18 Hand Cart
33:38 Town Patrol
38:25 Imperial Age
36:48 Horse Collar
37:22 Scale Barding Armor
37:28 Forging
37:36 Caravan
40:24 Chain Barding Armor
39:29 Light Cavalry
40:42 Cavalier
41:17 Hussar
43:25 Plate Barding Armor
43:12 Vendel Legacy
46:53 Iron Casting
48:33 Blast Furnace
47:13 Capped Ram
47:54 Stone Mining
seabed
9:11 Loom
11:39 Feudal Age
12:38 Double-Bit Axe
15:24 Castle Age
14:56 Horse Collar
15:59 Fletching
16:32 Heavy Plow
16:46 Bow Saw
18:56 Bodkin Arrow
23:35 Forging
23:28 Padded Archer Armor
24:06 Wheelbarrow
26:58 Ballistics
28:24 Hand Cart
29:27 Gold Mining
29:28 Town Watch
35:01 Imperial Age
33:08 Stone Mining
35:47 Bracer
35:28 Elite Rattan Archer
37:11 Chemistry
38:08 Leather Archer Armor
39:26 Ring Archer Armor
42:57 Hoardings
43:29 Two-Man Saw
42:55 Paper Money
44:16 Siege Engineers
51:51 Capped Ram
快乐沙狗
9:51 Feudal Age
14:02 Castle Age
12:44 Double-Bit Axe
13:30 Loom
18:45 Wheelbarrow
19:29 Bow Saw
20:21 Horse Collar
22:28 Heavy Plow
24:57 Hand Cart
25:15 Town Watch
30:13 Imperial Age
28:38 Scale Barding Armor
28:35 Scale Mail Armor
28:46 Forging
28:39 Squires
28:29 Treadmill Crane
29:02 Masonry
28:49 Gold Mining
28:49 Stone Mining
30:43 Chain Mail Armor
31:04 Iron Casting
31:15 Gold Shaft Mining
30:33 Shield Wall
31:37 Conscription
32:21 Plate Mail Armor
33:08 Fletching
33:06 Capped Ram
34:01 Elite Varangian Guard
37:00 Architecture
36:30 Murder Holes
37:27 Bodkin Arrow
38:11 Bracer
38:35 Ballistics
40:41 Chemistry
39:22 Siege Ram
42:44 Hoardings
46:04 Caravan
54:33 Guilds
low_eco_legends
8:34 Loom
10:20 Feudal Age
15:00 Castle Age
13:17 Double-Bit Axe
13:14 Horse Collar
16:06 Heavy Plow
22:57 Heavy Plow
23:59 Wheelbarrow
23:55 Bow Saw
24:01 Gold Mining
24:14 Stone Mining
26:31 Stone Shaft Mining
26:18 Hand Cart
27:01 Town Watch
30:13 Imperial Age
27:28 Vendel Legacy
28:18 Scale Barding Armor
29:02 Husbandry
30:01 Bloodlines
30:54 Forging
31:10 Chain Barding Armor
30:23 Cavalier
31:49 Forging
32:00 Conscription
32:55 Fortified Wall
33:56 Caravan
41:25 Plate Barding Armor
41:30 Iron Casting
43:35 Two-Man Saw
43:06 Crop Rotation
46:48 Blast Furnace
XxX_Ricardo_2018_Max_XxX
11:38 Feudal Age
12:31 Double-Bit Axe
12:28 Horse Collar
15:18 Castle Age
17:02 Bow Saw
18:06 Heavy Plow
24:50 Wheelbarrow
24:13 Loom
24:16 Town Watch
24:49 Gold Mining
25:51 Hand Cart
29:01 Imperial Age
27:01 Stone Mining
27:48 Gold Shaft Mining
27:14 Squires
27:00 Arson
27:00 Gambesons
27:19 Scale Mail Armor
27:30 Forging
28:51 Chain Mail Armor
29:34 Iron Casting
29:15 Shield Wall
30:15 Conscription
30:27 Plate Mail Armor
30:16 Elite Hearth Troop
31:30 Fletching
32:30 Hoardings
33:03 Bodkin Arrow
33:08 Padded Archer Armor
33:45 Block Printing
32:55 Clerical Recruitment
34:14 Bracer
34:36 Ballistics
35:16 Chemistry
35:22 Two-Man Saw
35:39 Leather Archer Armor
39:00 Masonry
44:08 Caravan
45:26 Crop Rotation
46:29 Architecture
46:05 Pikeman
48:10 Halberdier
50:17 Ring Archer Armor
Luca
9:00 Loom
11:42 Feudal Age
15:43 Castle Age
16:00 Horse Collar
16:07 Double-Bit Axe
17:54 Heavy Plow
19:35 Forging
23:00 Scale Barding Armor
32:00 Iron Casting
31:51 Chain Barding Armor
34:55 Wheelbarrow
34:06 Town Watch
36:58 Imperial Age
37:06 Hand Cart
36:51 Town Patrol
38:30 Conscription
39:04 Plate Barding Armor
41:17 Blast Furnace
40:16 Elite Jarl
53:01 Scale Mail Armor
52:51 Pikeman
53:32 Squires
TU VIEJA
6:30 Loom
9:21 Feudal Age
10:34 Double-Bit Axe
11:26 Horse Collar
16:32 Wheelbarrow
20:01 Castle Age
18:31 Fletching
18:42 Padded Archer Armor
19:12 Padded Archer Armor
19:33 Bloodlines
22:59 Bodkin Arrow
23:19 Gold Mining
23:41 Bow Saw
25:32 Padded Archer Armor
27:00 Heavy Plow
32:30 Hand Cart
36:23 Imperial Age
34:42 Gold Shaft Mining
34:31 Thumb Ring
35:34 Ballistics
36:02 Leather Archer Armor
37:00 Onager
38:08 Bracer
40:15 Crossbowman
41:00 Capped Ram
42:00 Caravan
42:01 Caravan
42:03 Siege Onager
42:51 Siege Ram
43:55 Forging
43:46 Scale Mail Armor
45:20 Iron Casting
45:58 Pikeman
47:11 Chain Mail Armor
47:56 Blast Furnace
47:46 Squires
47:49 Halberdier
52:51 Plate Mail Armor
Connection lost

Rejoining the realm…

Still unreachable

The connection could not be restored.

Session expired

The server has moved on; the page needs a fresh start.